 Dungeon Crawl Stone Soup version 0.31-a0-237-g2d982f9f85 (webtiles) character file.

Game seed: 8932150859238236844

53 qw the Shooter (level 3, -2/21 HPs)
             Began as a Gargoyle Hexslinger on July 11, 2023.
             Slain by an orc
             ... wielding a +0 short sword
              (3 damage)
             ... on level 3 of the Dungeon.
             The game lasted 00:00:36 (1674 turns).

qw the Shooter (Gargoyle Hexslinger)                Turns: 1674, Time: 00:00:36

Health: -2/21      AC:  9    Str: 10 (11) XL:     3   Next: 87%
Magic:  4/4        EV: 10    Int: 11 (13) God:
Gold:   74         SH:  0    Dex: 12 (14) Spells: 3/4 levels left

rFire   . . .        Y - +3 sling
rCold   . . .        (no shield)
rNeg    + . .        i - +0 ring mail
rPois   inf          g - +0 helmet
rElec   +            (no cloak)
rCorr   +            (no gloves)
SInv    .            (no boots)
Will    .....        a - amulet of the acrobat
Stlth   +            h - ring of resist corrosion
HPRegen 0.23/turn    (no ring)
MPRegen 0.09/turn

%: acrobat
@: brilliant
A: sickness immunity, AC +3, negative energy resistance 1, electricity
resistance, torment resistance 1, petrification resistance
a: no special abilities


You were on level 3 of the Dungeon.
You visited 1 branch of the dungeon, and saw 4 of its levels.

You collected 74 gold pieces.


Innate Abilities, Weirdness & Mutations

You are immune to sickness and miasma.
Your stone body is resilient. (AC +3)
You are immune to poison.
You resist negative energy. (rN+)
You are resistant to electric shocks. (rElec)
You are resistant to unholy torment.
You are immune to petrification.


   Skills:
 - Level 2.0 Fighting
 + Level 3.5 Ranged Weapons
 - Level 1.0 Armour
 - Level 1.5 Dodging
 - Level 1.0 Spellcasting
 - Level 2.6 Hexes


You had 3 spell levels left.
You knew the following spells:

 Your Spells              Type           Power      Damage    Failure   Level
a - Slow                  Hex            36%        N/A       26%         1

Your spell library contained the following spells:

 Spells                   Type           Power      Damage    Failure   Level
 Inner Flame              Hex/Fire       5%         N/A       80%         3
 Portal Projectile        Hex/Tloc       10%        N/A       80%         3
 Cause Fear               Hex            4%         N/A       95%         4

Inventory:

Hand Weapons
 Y - a +3 sling (weapon)
Armour
 g - a +0 helmet (worn)
 i - a +0 ring mail (worn)
Jewellery
 a - an amulet of the acrobat (around neck)
 h - a ring of resist corrosion (left hand)
 k - a ring of fire
Potions
 d - a potion of haste {unknown}
 e - a potion of might {unknown}
 j - a potion of heal wounds {unknown}
 l - a potion of curing
 m - a potion of lignification {unknown}

Dungeon Overview and Level Annotations

Branches:
Dungeon (4/15)
 Temple: D:4-7

Altars:


Message History

The orc shouts!
The sling bullet hits the orc.
You kill the orc!
You shoot a sling bullet. The sling bullet hits the orc.
The orc is moderately wounded.
The orc priest looks encouraged for a moment.
The orc hits you but does no damage.
You shoot a sling bullet. The sling bullet hits the orc.
The orc is heavily wounded.
The orc hits you with a +0 club. The orc closely misses you.
The orc barely misses you.
You shoot a sling bullet.
The sling bullet closely misses the orc.
The sling bullet hits the orc priest but does no damage.
The orc hits you with a +0 whip. The orc closely misses you.
You shoot a sling bullet. The sling bullet hits the orc.
You kill the orc!
The orc priest mumbles some strange prayers to Beogh against you.
Pain shoots through your body! The orc hits you with a +0 whip.
You shoot a sling bullet. The sling bullet hits the orc priest.
The orc priest is moderately wounded.
The orc priest hits you with a +0 hand axe.
The orc hits you with a +0 whip. The orc hits you but does no damage.
The orc priest hits you but does no damage.
The orc closely misses you.
You shoot a sling bullet. The sling bullet hits the orc priest.
The orc priest is severely wounded.
The orc priest hits you but does no damage.
The orc hits you with a +0 short sword. The orc barely misses you.
You shoot a sling bullet.
The sling bullet closely misses the orc priest.
The orc priest looks encouraged for a moment.
The orc hits you but does no damage. The orc misses you.
The orc priest barely misses you. The orc hits you but does no damage.
The orc hits you with a +0 whip.
You shoot a sling bullet.
The sling bullet closely misses the orc priest.
The orc priest hits you with a +0 hand axe.
The orc hits you with a +0 short sword.
You die...

#. #. #. # #.
#.# #.##.## #.#
....# #.# ##oo#
#.# ### #.o@#
#.# #.........#
#.# #.###.#.#.#
#.# #.# #.#.#.#
#.######.###.#.#
#
#.....<........#
#..#####.###.###
#..# #.# ###..#
#..


You could see an orc priest and 2 orcs.

Vanquished Creatures
  2 dart slugs (D:4)
  4 orcs
  2 bats
  5 endoplasms
  3 giant cockroaches
  2 goblins
  4 hobgoblins
  3 jackals (D:2)
  6 kobolds
  A quokka (D:1)
  A ball python (D:2)
  2 frilled lizards
  3 rats
38 creatures vanquished.

Notes
Turn   | Place    | Note
-------+----------+-------------------------------------------
     0 | D:1      | qw the Gargoyle Hexslinger began the quest for the Orb.
     0 | D:1      | Reached XP level 1. HP: 12/12 MP: 2/2
     0 | D:1      | 0 ||| qw: Version: 0.3-a-52-g30416fa
     0 | D:1      | 0 ||| qw: Game counter: 5582
     0 | D:1      | 0 ||| qw: Melee chars always use a shield: true
     0 | D:1      | 0 ||| qw: God list: Okawaru
     0 | D:1      | 0 ||| qw: Allow faded altars: false
     0 | D:1      | 0 ||| qw: Do Orc after clearing Dungeon:15 true
     0 | D:1      | 0 ||| qw: Do second Lair branch before Depths: true
     0 | D:1      | 0 ||| qw: Lair rune preference: random
     0 | D:1      | 0 ||| qw: Goals: Normal
     0 | D:1      | 0 ||| PLANNING D:1-11
     1 | D:1      | Noticed an electric eel
    88 | D:1      | 88 ||| FLEEEEING.
   131 | D:1      | Reached XP level 2. HP: 16/16 MP: 3/3
   275 | D:1      | Reached skill level 3 in Ranged Weapons
   415 | D:1      | Found a faded altar of an unknown god.
   722 | D:1      | 722 ||| UPGRADING to +0 ring mail.
   732 | D:1      | 732 ||| DROPPING +0 robe.
   733 | D:1      | 733 ||| UPGRADING to ring of resist corrosion.
   734 | D:1      | 734 ||| READING scroll labelled RIJAJ WUCIHYIC.
   735 | D:1      | 735 ||| READING scroll labelled PETWUTTOHUQ.
   736 | D:1      | 736 ||| DROPPING scroll of poison.
   858 | D:2      | Identified the +1 mace "Homiawir" {heavy, rPois Will++ MP+9
                  | Str-5}
   861 | D:2      | 861 ||| READING scroll of enchant weapon.
   861 | D:2      | 861 ||| ENCHANTING +2 sling.
   870 | D:2      | Reached XP level 3. HP: 21/21 MP: 4/4
  1463 | D:2      | 1463 ||| UPGRADING to +0 helmet.
  1468 | D:2      | 1468 ||| UPGRADING to amulet of the acrobat.
  1473 | D:2      | 1473 ||| READING scroll labelled SEF KUHICIG.
  1474 | D:2      | 1474 ||| READING scroll labelled YCAIRGH OXOQUNG.
  1477 | D:2      | 1477 ||| DRINKING 2 glowing red potions.
  1478 | D:2      | 1478 ||| DROPPING potion of degeneration.
  1525 | D:3      | 1525 ||| PLANNING SEWER
  1575 | D:3      | You fall into a shaft and drop 1 floor!
  1610 | D:4      | Reached skill level 1 in Armour
  1625 | D:4      | 1625 ||| READING scroll labelled NIXZEKARHI.
  1642 | D:4      | 1642 ||| READING scroll labelled YCZIEXEJIO.
  1652 | D:4      | 1652 ||| DRINKING 2 viscous orange potions.
  1653 | D:4      | 1653 ||| DRINKING 2 fizzy black potions.
  1654 | D:4      | 1654 ||| DROPPING potion of brilliance.
  1673 | D:3      | HP: 3/21 [orc/+0 whip (5)]
  1674 | D:3      | HP: 1/21 [orc priest/+0 hand axe (3)]
  1674 | D:3      | Slain by an orc

Levels and vault maps discovered:
D:1:      arrival_aquarium_a, layout_basic, chequers_ecumenical_altar_island
D:2:      layout_loops_ring, minmay_misc_feat_rugged,
          kennysheep_decorative_pillar, minmay_stone_trees_medium,
          kennysheep_nub
D:3:      layout_loops_ring, gup_sewer_entry_bowl, uniq_ijyb, uniq_robin
D:4:      layout_cave_pools, led_sif_book, minmay_temple_entry_crystal_x,
          serial_glass, glass_columns_a, glass_columns_c

Skill      XL: |  1  2  3 |
---------------+----------+-----
Ranged Weapons | 3 |  3.5
Fighting       | 2 |  2.0
Armour         | 1 |  1.0
Dodging        | |  1.5
Spellcasting   | |  1.0
Hexes          | |  2.6

Action                     || total
---------------------------++-------
   Fire: Sling             ||   117
    Use: Scroll            ||     7
         Potion            ||     3
 Armour: Robe              ||     5
         Ring mail         ||    30
  Dodge: Dodged            ||    26

Table legend:
 A = Non-vault XP
 B = Vault XP
 C = Vault XP percentage of total XP
 D = Non-vault monster count
 E = Vault monster count
 F = Vault count percentage of total count
                 A         B        C        D         E       F
            +---------+---------+-------+---------+---------+-------
      Total |      76 |       0 |   0.0 |      38 |       0 |   0.0
            +---------+---------+-------+---------+---------+-------
        D:1 |      28 |       0 |   0.0 |      15 |       0 |   0.0
        D:2 |      20 |       0 |   0.0 |      13 |       0 |   0.0
        D:3 |       6 |       0 |   0.0 |       2 |       0 |   0.0
        D:4 |      22 |       0 |   0.0 |       8 |       0 |   0.0
            +---------+---------+-------+---------+---------+-------
